 Dungeon Crawl Stone Soup version 0.32-a0-960-g3814254bd7 (webtiles) character file.

Game seed: 4515807147012547721

2884 Revguard the Shield-Bearer (level 9, -2/57 HPs)
             Began as a Gargoyle Fighter on Apr 17, 2024.
             Was an Initiate of Qazlal.
             Slain by an orc warrior
             ... wielding a +0 hand axe
              (6 damage)
             ... on level 7 of the Dungeon.
             The game lasted 00:13:53 (5985 turns).

Revguard the Shield-Bearer (Gargoyle Fighter)       Turns: 5985, Time: 00:13:54

Health: -2/57      AC: 18    Str: 21    XL:     9   Next: 77%
Magic:  12/12      EV: 10    Int: 10    God:    Qazlal [......]
Gold:   78         SH:  6    Dex: 17    Spells: 8/8 levels left

rFire   . . .        I - +0 broad axe
rCold   . . .        c - +0 buckler
rNeg    + . .        b - +0 scale mail
rPois   ∞            s - +0 helmet
rElec   +            G - +2 cloak
rCorr   .            (no gloves)
SInv    .            (no boots)
Will    .....        (no amulet) Stlth
                     E - +4 ring of slaying
HPRegen 0.29/turn    m - +6 ring of dexterity
MPRegen 0.13/turn

%: no passive effects
@: mighty, hasted, very quick
A: sickness immunity, AC +6, negative energy resistance 1, electricity
resistance, torment resistance 1, petrification resistance
a: Renounce Religion


You were on level 7 of the Dungeon.
You worshipped Qazlal.
Qazlal was noncommittal.
You visited 2 branches of the dungeon, and saw 8 of its levels.

You collected 355 gold pieces.
You spent 277 gold pieces at shops.

Inventory:

Hand Weapons
 a - a +0 war axe
 I - a +0 broad axe (weapon)
Missiles
 y - a throwing net
Armour
 b - a +0 scale mail (worn)
 c - a +0 buckler (worn)
 s - a +0 helmet (worn)
 G - a +2 cloak (worn)
Jewellery
 l - a ring of flight
 m - a +6 ring of dexterity (right hand)
 r - a ring of magical power
 x - a ring of see invisible
 E - a +4 ring of slaying (left hand)
Wands
 o - a wand of paralysis (14)
 w - a wand of mindburst (26) (quivered)
 F - a wand of flame (14)
Scrolls
 e - 2 scrolls of amnesia {unknown}
 f - a scroll of revelation
 g - 6 scrolls of teleportation
 j - 5 scrolls of immolation
 k - 3 scrolls of noise {unknown}
 n - a scroll of vulnerability {unknown}
 p - a scroll of enchant weapon {unknown}
 q - 2 scrolls of enchant armour {unknown}
 t - a scroll of poison
 u - a scroll of silence {unknown}
 B - a scroll of fear {unknown}
 C - a scroll of fog {unknown}
Potions
 v - a potion of mutation
 z - 2 potions of cancellation
 A - a potion of magic
 D - a potion of lignification


   Skills:
 * Level 7.2 Fighting
 + Level 4.6 Axes
 + Level 5.7 Armour
 + Level 3.4 Dodging
 * Level 7.6 Shields
 + Level 4.6 Invocations
 + Level 3.6 Evocations


You had 8 spell levels left.
You didn't know any spells.
Your spell library contained the following spells:

 Spells                   Type           Power      Damage    Failure   Level
 Tukima's Dance           Hex            0%         N/A       98%         3
 Volatile Blastmotes      Fire/Tloc      0%         2d10      98%         3
 Dimensional Bullseye     Hex/Tloc       0%         N/A       100%        4
 Iskenderun's Mystic Bla Conj/Tloc 0%             2d3        (+2d1     100%        4
 Petrify                  Alch/Erth      0%         N/A       100%        4
 Vhi's Electric Charge    Tloc/Air       0%         N/A       100%        4
 Irradiate                Conj/Alch      0%         3d11      100%        5
 Gell's Gavotte           Tloc           0%         2d(11-16) 100%        6
 Fulsome Fusillade        Conj/Alch      0%         (3-5)d4   100%        8


Dungeon Overview and Level Annotations

Branches:
Dungeon (7/15)             Temple (1/1) D:6

Altars:
Ashenzari
Cheibriados
Dithmenos
Elyvilon
Fedhas
Gozag
Kikubaaqudgha
Makhleb
Nemelex Xobeh
Okawaru
Qazlal
Vehumet
Wu Jian
Xom
Zin

Shops:
D:6 (!?


Innate Abilities, Weirdness & Mutations

You are immune to sickness and miasma.
Your stone body is resilient. (AC +6)
You are immune to poison.
You resist negative energy. (rN+)
You are resistant to electric shocks. (rElec)
You are resistant to unholy torment.
You are immune to petrification.


Message History

Qazlal accepts your kill.
You hit the gnoll.
You hit the orc warrior but do no damage.
You slash the orc!
You kill the orc!
Qazlal accepts your kill.
You slash the gnoll! The gnoll hits you with a +0 flail.
The gnoll hits you but does no damage. You block the orc warrior's attack.
The gnoll hits you from afar with a +0 spear.
The gnoll hits you but does no damage.
You see here 13 gold pieces.
You slash the gnoll!
You kill the gnoll!
Qazlal accepts your kill.
You closely miss the orc warrior. You closely miss the gnoll.
The gnoll is no longer moving quickly.
The gnoll completely misses you.
The gnoll bouda barks out a call to the hunt!
The gnoll picks up the pace!
The gnoll hits you from afar with a +0 spear.
* * * LOW HITPOINT WARNING * * *
You slash the orc warrior!
The orc warrior is moderately wounded.
You barely miss the gnoll.
Your attacks no longer feel as feeble.
The orc warrior hits you with a +0 hand axe!
* * * LOW HITPOINT WARNING * * *
The gnoll hits you with a +0 flail!
* * * LOW HITPOINT WARNING * * *
The gnoll bouda calls upon its god to heal the gnoll.
The gnoll is healed somewhat.
You block the gnoll's attack.
Okay, then.
Okay, then.
You barely miss the orc warrior.
The orc warrior is moderately wounded.
You barely miss the gnoll. You slash the gnoll!
You kill the gnoll!
Qazlal accepts your kill. The gnoll barely misses you.
The orc warrior hits you with a +0 hand axe.
You die...

....♣.♣)..####.#
..P......##
........####
...........+ ♣
...........+ ..
...........# ###...
...........#####......
...####.....).).......
... +......@o)......
.. #...####g).#+##
#...+ #gg.# .....#
#!..# P..... #...#
...... ..... ....
...~.. ~~≈≈~.≈
≈≈≈≈≈≈≈≈≈


You could see an orc warrior, a gnoll bouda (swift) and 2 gnolls.

Vanquished Creatures
  Pikel (D:4)
  Sigmund (D:6)
  An acid dragon (D:7)
  3 black bears (D:5)
  An ice beast (D:5)
  2 sky beasts (D:6)
  An ogre (D:6)
  3 centaurs
  2 phantoms (D:5)
  A lemure (D:4)
  A bullfrog (D:6)
  3 scorpions
  A howler monkey (D:6)
  3 bombardier beetles
  8 hounds
  A gnoll bouda (D:7)
  3 jellies
  An orc priest (D:6)
  A sleepcap (D:6)
  Ijyb (D:3)
  Robin (D:2)
  12 gnolls
  10 adders
  A shadow imp (D:5)
  4 ufetubi
  3 ribbon worms
  3 dart slugs
  10 orcs
  4 bats
  4 endoplasms
  3 giant cockroaches
  13 goblins
  12 hobgoblins
  6 jackals
  5 quokkas
  5 ball pythons
  3 frilled lizards
  A kobold (D:4)
  10 rats
149 creatures vanquished.

Notes
Turn   | Place    | Note
-------+----------+-------------------------------------------
     0 | D:1      | Revguard the Gargoyle Fighter began the quest for the Orb.
     0 | D:1      | Reached XP level 1. HP: 14/14 MP: 1/1
   129 | D:1      | Reached XP level 2. HP: 17/19 MP: 2/2
   362 | D:1      | Reached XP level 3. HP: 23/23 MP: 3/3
  1251 | D:2      | Noticed Robin
  1264 | D:2      | Killed Robin
  1265 | D:2      | Reached skill level 1 in Invocations
  1265 | D:2      | Reached XP level 4. HP: 17/28 MP: 4/4
  1624 | D:3      | Reached skill level 1 in Dodging
  1712 | D:3      | Noticed Ijyb
  1722 | D:3      | Killed Ijyb
  1723 | D:3      | Reached skill level 1 in Evocations
  1723 | D:3      | Reached XP level 5. HP: 2/33 MP: 5/5
  2242 | D:3      | Reached XP level 6. HP: 34/38 MP: 7/7
  2462 | D:3      | Found a glowing silver altar of Zin.
  2462 | D:3      | Noticed an angel
  2890 | D:4      | Reached skill level 5 in Shields
  2893 | D:4      | Reached XP level 7. HP: 38/44 MP: 8/8
  3113 | D:4      | Noticed Pikel
  3143 | D:4      | Killed Pikel
  3144 | D:4      | Reached skill level 5 in Fighting
  3144 | D:4      | Reached XP level 8. HP: 22/49 MP: 8/10
  3372 | D:5      | Entered Level 5 of the Dungeon
  3738 | D:5      | Found an ornate altar of the Wu Jian Council.
  3848 | D:5      | Reached skill level 5 in Armour
  4414 | D:6      | Found Ekhlojayt's Magic Scroll Boutique.
  4418 | D:6      | Reached XP level 9. HP: 55/55 MP: 11/11
  4433 | D:6      | Bought a scroll of poison for 44 gold pieces
  4433 | D:6      | Bought a scroll of teleportation for 33 gold pieces
  4433 | D:6      | Bought a scroll of identify for 22 gold pieces
  4433 | D:6      | Bought a scroll of identify for 22 gold pieces
  4641 | D:6      | Found a staircase to the Ecumenical Temple.
  4667 | Temple   | Entered the Ecumenical Temple
  4693 | Temple   | Became a worshipper of Qazlal Stormbringer
  4979 | D:6      | Found a broken altar of Ashenzari.
  5068 | D:6      | Found a burning altar of Makhleb.
  5075 | D:6      | Noticed Sigmund
  5087 | D:6      | Killed Sigmund
  5166 | D:6      | Found Jyifexe's Distillery.
  5170 | D:6      | Found a sparkling altar of Nemelex Xobeh.
  5175 | D:6      | Bought a potion of mutation for 96 gold pieces
  5175 | D:6      | Bought a potion of heal wounds for 60 gold pieces
  5178 | D:6      | Found a shadowy altar of Dithmenos.
  5192 | D:6      | Found Hampir's Weapon Boutique.
  5985 | D:7      | Slain by an orc warrior

Illustrated notes

Levels and vault maps discovered:
D:1:      dpeg_arrival_renting, layout_basic
D:2:      layout_loops_ring, uniq_robin
D:3:      minmay_wonky_spiral, layout_basic, zin_angel, uniq_ijyb
D:4:      layout_rooms, serial_library, serial_library_hellmonk_h_bend,
          serial_library_hellmonk_double_dead_end,
          serial_library_hellmonk_h_bend,
          serial_library_hellmonk_recessed_alcove,
          serial_library_hellmonk_open_square,
          serial_library_hellmonk_layered_room, uniq_pikel
D:5:      layout_basic, mainiacjoe_overflow_six_doors_small
D:6:      nicolae_cairo_tiling_large, layout_loops_cross,
          nicolae_ashenzari_skybound, nicolae_overflow_crystal_walls,
          lemuel_crystal_altar, overflow_temple_1_default,
          minmay_temple_entry_grid, serial_shops, shop, nicolae_shop_trees,
          shop_fountains, chequers_arboretum, kennysheep_nub, uniq_sigmund
D:7:      kennysheep_seaside_town, layout_cave_pools,
          hellmonk_overflow_destroyed_library,
          mainiacjoe_overflow_small_starburst
Temple:   nicolae_temple_bog_church

Skill      XL: |  1  2  3  4  5  6  7  8  9 |
---------------+----------------------------+-----
Axes           | 2 3 4 |  4.6
Shields        | 4 5 6 7 |  7.6
Invocations    | 1 2 3 4 |  4.6
Dodging        | 1 2 3 |  3.4
Evocations     | 1 2 3 |  3.6
Fighting       | 4 5 6 7 |  7.2
Armour         | 4 5 |  5.7

Action                     |  1- 3 |  4- 6 |  7- 9 || total
---------------------------+-------+-------+-------++-------
  Melee: War axe           |    93 |   164 |   218 ||   475
         Broad axe         |       |       |    31 ||    31
  Evoke: Wand              |       |       |     7 ||     7
    Use: Potion            |       |       |     6 ||     6
         Scroll            |       |       |    10 ||    10
   Stab: Paralysed         |       |       |     5 ||     5
 Armour: Scale mail        |    69 |   139 |   299 ||   507
  Dodge: Dodged            |    58 |    90 |   166 ||   314
  Block: Buckler           |    20 |    50 |   123 ||   193

Table legend: (Time is in decaauts)
 A = Elapsed time spent in this place.
 B = Non-inter-level travel time spent in this place.
 C = Inter-level travel time spent in this place.
 D = Time resting spent in this place.
 E = Time spent auto-exploring this place.
 F = Levels seen in this place.
 G = Mean time per level.
                   A        B        C        D        E       F      G
               +--------+--------+--------+--------+--------+-----+--------+
         Total |   6156 |   6001 |    155 |    329 |   4295 |   8 |  769.5 |
       Dungeon |   6115 |   5971 |    144 |    329 |   4295 |   7 |  873.6 |
        Temple |     40 |     29 |     11 |      0 |      0 |   1 |   40.0 |
               +--------+--------+--------+--------+--------+-----+--------+

Top non-repeatable levels by time:
     D:6: 1320 daAuts
     D:5: 1075 daAuts
     D:1: 936 daAuts
     D:3: 933 daAuts
     D:4: 929 daAuts
     D:2: 686 daAuts
     D:7: 233 daAuts
  Temple: 40 daAuts
